 Dungeon Crawl Stone Soup version 0.20.1-1-g8b1a95d (webtiles) character file.

257 JeffiDaFish the Shooter (level 5, -1/27 HPs)
             Began as a Spriggan Hunter on Dec 21, 2017.
             Slain by Purgy (5 damage)
             ... in a sewer on Dec 22, 2017.
             The game lasted 00:09:39 (2501 turns).

JeffiDaFish the Shooter (Spriggan Hunter)           Turns: 2501, Time: 00:09:40

Health: -1/27      AC:  3    Str:  8    XL:     5   Next: 93%
Magic:  6/6        EV: 19    Int: 13    God:
Gold:   148        SH:  0    Dex: 17    Spells: 4/4 levels left

rFire    . . .     SeeInvis +   a - +2 shortbow
rCold    . . .     Gourm    .   (shield currently unavailable)
rNeg     . . .     Faith    .   c - +1 robe
rPois    .         Spirit   .   (helmet restricted)
rElec    .         Reflect  .   (no cloak)
rCorr    .         Harm     .   (gloves unavailable)
MR       .....                  (boots unavailable)
Stlth    ++........             (no amulet)
Regen    0.1/turn               e - ring of wizardry
MPRegen  0.1/turn               (no ring)

@: very quick
A: unfitting armour, see invisible, herbivore 3, speed 3, slow metabolism 2
a: no special abilities


You were in a sewer.
You were not hungry.

You visited 1 branch of the dungeon, and saw 4 of its levels.
You also visited: Sewer.

You collected 148 gold pieces.

Inventory:

Hand Weapons
 a - a +2 shortbow (weapon)
 j - a +0 dagger of venom
Missiles
 d - 11 arrows (quivered)
Armour
 c - a +1 robe (worn)
Jewellery
 e - a ring of wizardry (left hand)
Potions
 i - a potion of flight
Comestibles
 f - 2 bread rations
 g - a fruit
 h - a royal jelly


   Skills:
 + Level 2.4 Fighting
 + Level 1.4 Short Blades
 + Level 7.3 Bows
 + Level 4.3 Dodging
 + Level 2.4 Stealth


You had 4 spell levels left.
You didn't know any spells.

Dungeon Overview and Level Annotations

Branches:
Dungeon (4/15)
 Temple: D:4-7

Altars:

Annotations:
D:3 2 transporters, Jessica Sewer Purgy


Innate Abilities, Weirdness & Mutations

You are very small and have problems with some larger weapons.
You are too small for most types of armour.
You have supernaturally acute eyesight. (SInv)
You are a herbivore.
You cover ground extremely quickly.
You need consume almost no food.


Message History

You shoot an arrow. The arrow hits Purgy.
Purgy is heavily wounded.
Firing (i - inventory):
d - 14 arrows (quivered)
Press: ? - help, Shift-Dir - straight line, f/p - Purgy
Aim: Purgy (heavily wounded)
You shoot an arrow. The arrow hits Purgy.
Purgy is severely wounded.
Purgy bites you but does no damage. Purgy barely misses you.
Purgy completely misses you.
Firing (i - inventory):
d - 13 arrows (quivered)
Press: ? - help, Shift-Dir - straight line, f/p - Purgy
Aim: Purgy (heavily wounded)
You shoot an arrow. The arrow hits Purgy.
Purgy is severely wounded.
Purgy completely misses you. Purgy misses you. Purgy completely misses you.
Firing (i - inventory):
d - 12 arrows (quivered)
Press: ? - help, Shift-Dir - straight line, f/p - Purgy
Aim: Purgy (severely wounded)
You shoot an arrow. The arrow misses Purgy.
Purgy bites you.
You die...

#(# ##.##
##((.##
##(....##
#...≈(..#
#(.≈≈≈†.#
#.≈≈≈≈≈(#
#..≈≈≈T.#
#...≈@..#
##..(..##
##.∩(##
##.## ###


You could see Purgy.

Vanquished Creatures
  An orc priest (D:3)
  Terence (D:2)
  An orc wizard (D:3)
  3 river rats (D:4)
  6 adders
  An ooze (D:2)
  An adder skeleton (D:4)
  5 worms
  A dart slug (D:1)
  2 leopard geckos
  6 orcs
  2 ball pythons
  10 bats
  A giant cockroach (D:2)
  4 goblins
  3 hobgoblins
  7 jackals (D:2)
  A quokka (D:2)
  2 frilled lizards
  6 kobolds
  9 rats
73 creatures vanquished.

Vanquished Creatures (others)
  A plant (D:3)
1 creature vanquished.

Grand Total: 74 creatures vanquished

Notes
Turn   | Place    | Note
-------+----------+-------------------------------------------
     0 | D:1      | JeffiDaFish the Spriggan Hunter began the quest for the Orb.
     0 | D:1      | Reached XP level 1. HP: 10/10 MP: 2/2
   108 | D:1      | Reached skill level 5 in Bows
   167 | D:1      | Reached XP level 2. HP: 15/15 MP: 3/3
   556 | D:2      | Noticed Terence
   865 | D:2      | Reached XP level 3. HP: 18/18 MP: 4/4
   894 | D:2      | Killed Terence
   894 | D:2      | Reached skill level 1 in Short Blades
   948 | D:2      | Reached skill level 6 in Bows
   986 | D:2      | Reached XP level 4. HP: 23/23 MP: 5/5
  1501 | D:3      | Found a transporter.
  1523 | D:3      | Noticed Jessica
  1526 | D:3      | Found a transporter.
  1566 | D:3      | Reached XP level 5. HP: 21/26 MP: 6/6
  2221 | D:3      | Reached skill level 7 in Bows
  2367 | D:4      | Found a glowing drain.
  2410 | Sewer    | Entered a sewer
  2440 | Sewer    | Noticed Purgy
  2501 | Sewer    | Slain by Purgy

Skill      XL: |  1  2  3  4  5 |
---------------+----------------+-----
Bows           | 5 6 7 |  7.3
Fighting       | 2 |  2.4
Short Blades   | 1 |  1.4
Stealth        | 2 |  2.4
Dodging        | 4 |  4.3

Action                   |  1- 3 |  4- 6 || total
-------------------------+-------+-------++-------
Melee: Short sword       |    32 |    23 ||    55
       Dagger            |       |    54 ||    54
 Fire: Shortbow          |    57 |   137 ||   194
  Use: Potion            |     3 |     3 ||     6
       Scroll            |     2 |     2 ||     4
Armor: Robe              |     2 |    21 ||    23
Dodge: Dodged            |    46 |   140 ||   186
